 Dungeon Crawl Stone Soup version 0.29.1-15-g9cfb28693d (webtiles) character file.

Game seed: 12977855811228301327

10 leafyfresh the Sneak (level 2, 0/21 HPs)
             Began as an Octopode Delver on Feb 24, 2023.
             Slain by a goblin
             ... wielding a +0 dagger
             ... led by Robin
              (6 damage)
             ... on level 4 of the Dungeon.
             The game lasted 00:00:21 (81 turns).

leafyfresh the Sneak (Octopode Delver)                Turns: 81, Time: 00:00:22

Health: 0/21       AC:  1    Str: 11    XL:     2   Next: 20%
Magic:  2/2        EV: 13    Int: 12    God:
Gold:   25         SH:  0    Dex: 13    Spells: 1/1 levels left

rFire   . . .      SeeInvis .   a - +0 short sword
rCold   . . .      Faith    .   (no shield)
rNeg    . . .      Spirit   .   (helmet restricted)
rPois   .          Reflect  .   (no amulet)
rElec   .          Harm     .   (no ring)
rCorr   .          Rampage  .   (no ring)
Will    .....                   (no ring)
Stlth   ++++......              (no ring)
HPRegen 0.07/turn               (no ring)
MPRegen 0.08/turn               (no ring)
                                (no ring)
                                (no ring)

@: no status effects
A: almost no armour, amphibious, 8 rings, camouflage 1, gelatinous body 1,
(nimble swimmer 1), tentacles
a: no special abilities


You were on level 4 of the Dungeon.
You visited 1 branch of the dungeon, and saw 2 of its levels.

You collected 25 gold pieces.

Inventory:

Hand Weapons
 a - a +0 short sword (weapon)
Jewellery
 g - an amulet of the acrobat
Wands
 f - a wand of digging (3)
Scrolls
 b - a scroll of fog
 c - a scroll of magic mapping
 d - a scroll of fear
Potions
 e - a potion of haste


   Skills:
 - Level 3.1 Fighting
 - Level 2.1 Short Blades
 - Level 2.2 Dodging
 + Level 6.8 Stealth


You had one spell level left.
You didn't know any spells.
Your spell library was empty.

Dungeon Overview and Level Annotations

Branches:
Dungeon (5/15)
 Temple: D:4-7

Altars:
Makhleb

Annotations:
D:4 Robin
D:5 Menkaure


Innate Abilities, Weirdness & Mutations

You cannot wear most types of armour.
You are amphibious.
You can wear up to eight rings at the same time.
Your skin changes colour to match your surroundings (Stealth+).
Your rubbery body absorbs attacks. (AC +1, EV +1)
((You are camouflaged when in or above water. (Stealth+)))
You have tentacles for arms and can constrict up to eight enemies at once.


Message History

The goblin shouts!
You hear a shout!
Robin and 3 goblins come into view.
The goblin shouts!
A dart slug comes into view.
The goblin hits you with a +0 dagger.
You see here a +0 dagger.
You completely miss the goblin. You grab the goblin.
You constrict the goblin, but do no damage.
The iguana barely misses you. The goblin barely misses you.
Robin's horned helmet rattles.
You hit the goblin.
You kill the goblin!
The iguana bites you.
Robin roars a battlecry!
The goblins go into a battle-frenzy!
Unknown command.
The iguana attacks as you move away! The iguana misses you.
The iguana hisses menacingly.
The iguana closely misses you. Robin throws the goblin at you!
The goblin hits you but does no damage. The goblin attacks as you move away!
The goblin closely misses you. The iguana attacks as you move away!
The iguana misses you. The iguana closely misses you.
There is a stone staircase leading down here.
Unknown command.
You hit the iguana. You grab the iguana.
The iguana is lightly wounded.
You constrict the iguana. The iguana misses you.
The goblin closely misses you. x2
You hit the iguana.
Your tentacle-slap misses the iguana.
The iguana is moderately wounded.
You constrict the iguana, but do no damage.
The iguana bites you. The goblin misses you. The goblin barely misses you.
The goblin misses you.
You hit the iguana but do no damage. You squeeze the iguana.
The iguana is heavily wounded.
You constrict the iguana. The iguana closely misses you.
The goblin hits you with a +0 club.
* * * LOW HITPOINT WARNING * * *
The goblin barely misses you. The goblin hits you with a +0 dagger.
You die...

##### #.g# ###⌠#⌠### ##.#
##≈§≈≈§≈≈## #w# .#
#⌠≈.....≈⌠###.#### ####.##
##≈.._..§##......###......
#⌠≈.....≈§###.#...##.#...#
##≈≈≈.≈≈≈####...g..#.....
§####'####≈##..lgg...#
≈§≈≈≈.§≈≈≈≈##.gg@....#
#####.####.##.....)).###.#
#..............))....#
###########...##.#####
######... #####


You could see an iguana, Robin, a dart slug and 4 goblins.

Vanquished Creatures
  4 orcs (D:4)
  2 goblins (D:4)
6 creatures vanquished.

Notes
Turn   | Place    | Note
-------+----------+-------------------------------------------
     0 | D:5      | leafyfresh the Octopode Delver began the quest for the Orb.
     0 | D:5      | Reached XP level 1. HP: 16/16 MP: 1/1
     0 | D:5      | Noticed Menkaure
     2 | D:5      | Noticed a hound
    18 | D:4      | Reached XP level 2. HP: 21/21 MP: 2/2
    39 | D:4      | Found a burning altar of Makhleb.
    65 | D:4      | Noticed Robin
    81 | D:4      | Slain by a goblin

Illustrated notes

Levels and vault maps discovered:
D:4:      layout_loops_corners, lightli_temple_of_fire,
          mainiacjoe_overflow_tiny_flanked, nicolae_shop_firing_range,
          uniq_robin
D:5:      layout_rooms, uniq_pikel, uniq_menkaure, uniq_sigmund

Action                   || total
-------------------------++-------
Melee: Short sword       ||    10
       Constrict         ||     2
       Tentacles         ||     1
 Stab: Sleeping          ||     5
Armor: Skin              ||     1
Dodge: Dodged            ||    15
